← All builds
Suicide front / Armada / Factory first / OBSERVED BUILD

Standard suicide front

The role's default: factory first (mostly Bot Lab), pushing Rocketeer-led bot play into the middle to contest and hold the front, with an Advanced Metal Extractor around 9:36 as the natural transition.

Usually lab first (63%)

#raid #push · 1291 distinct matches · 127 players · 71% of Armada Suicide front games · team won 59% of 1529 · Recently observed

HOW TO PLAY IT

Key timing: Bot Lab by 0:20

  1. Open with mex and wind, drop Bot Lab immediately.
  2. Push out first "Centurion" as Pond's boost lands.
  3. Send "Rocketeer", "Centurion", "Pawn" mix to contest middle.
  4. Add Dragon's Teeth and Sentries to hold the line.
  5. Get Advanced Metal Extractor up as T2 nears.

Phase by phase

TYPICAL OF ITS 1291 GAMES
  1. 1
  2. 2
  3. 3
PLAY THE OPENING

Follow the example game's first 6:00 step by step: what to build now, what comes next, and where it goes. At 1× it keeps pace with your own game.

  1. 1

    Bot Lab first

    Order
    1. Bot LabBot Lab done ~0:20, middle half 0:20–0:33

    Some games also: mex (36%)

  2. 2

    Bot Lab to 5:00

    Economy
    • Metal Extractor5Mex
    • Wind Turbine4Wind
    Builders
    • Construction Bot3 Con bot
    • Lazarus2 Lazarus
    Army
    • Sentry4 Sentry
    • Rocketeer17 Rocketeer
    • Tick2 Tick
    • Centurion1 Centurion
    Other
    • Radar Tower1 Radar Tower

    Some games also: con turret (35%) · pawn (32%)

    By 5:00 in all: 5 mex · 4 wind

    The example game in this phase · 40 steps
    1. Mex
    2. LazarusLazarus
    3. Construction BotCon bot ×2
    4. SentrySentry
    5. Construction BotCon bot
    6. Mex ×2
    7. LazarusLazarus
    8. SentrySentry
    9. CenturionCenturion
    10. Mex ×2
    11. TickTick
    12. RocketeerRocketeer
    13. Wind
    14. SentrySentry
    15. RocketeerRocketeer ×2
    16. SentrySentry
    17. RocketeerRocketeer
    18. Wind
    19. RocketeerRocketeer
    20. SentrySentry
    21. TickTick
    22. SentrySentry
    23. RocketeerRocketeer
    24. Wind
    25. SentrySentry
    26. RocketeerRocketeer ×2
    27. SentrySentry
    28. Wind
    29. RocketeerRocketeer ×2
    30. TickTick
    31. CenturionCenturion
    32. RocketeerRocketeer ×4
    33. Dragon's TeethDragon's Teeth
    34. RocketeerRocketeer ×2
    35. Mex
    36. LazarusLazarus
    37. Dragon's TeethDragon's Teeth ×2
    38. LazarusLazarus
    39. Dragon's TeethDragon's Teeth ×5
    40. RocketeerRocketeer ×2
  3. 3

    5:00 to 10:00

    Economy
    • Metal Extractor1Mex
    • Wind Turbine17Wind
    Builders
    • Construction Turret2 Con turret
    • Lazarus2 Lazarus
    • Construction Bot1 Con bot
    Army
    • Sentry1 Sentry
    • Rocketeer8 Rocketeer
    • Pawn1 Pawn

    Some games also: tick (47%) · energy storage (46%) · Radar Tower (46%) · centurion (45%) · Beamer (39%)

    By 10:00 in all: 6 mex · 23 wind · 1 energy storage · 3 con turret

    The example game in this phase · 89 steps
    1. RocketeerRocketeer ×3
    2. Construction BotCon bot
    3. Mex
    4. Construction BotCon bot
    5. CenturionCenturion
    6. Construction BotCon bot
    7. LazarusLazarus ×2
    8. Construction BotCon bot
    9. Wind
    10. RocketeerRocketeer
    11. Wind
    12. RocketeerRocketeer
    13. Construction BotCon bot
    14. Wind
    15. Construction BotCon bot ×2
    16. Wind
    17. Bot LabBot Labdone 6:54
    18. Construction BotCon bot
    19. CenturionCenturion
    20. Wind
    21. Construction BotCon bot ×2
    22. Wind ×2
    23. Con turret
    24. Mex
    25. Construction BotCon bot
    26. Wind
    27. Energy storage
    28. Wind
    29. CenturionCenturion
    30. Wind ×5
    31. CenturionCenturion
    32. Wind
    33. Con turret
    34. Wind ×2
    35. CenturionCenturion
    36. Con turret
    37. Advanced Metal ExtractorT2 mexdone 9:09 · typical 9:36
    38. Con turret
    39. Wind ×3
    40. CenturionCenturion
    41. Wind ×2
    42. Advanced Metal ExtractorT2 mex
    43. Wind
    44. Con turret
    45. Wind ×8
    46. Converter
    47. Wind ×2
    48. PawnPawn
    49. Advanced Metal ExtractorT2 mex
    50. Wind ×2
    51. Converter
    52. Wind ×2
    53. Converter
    54. Wind ×3
    55. Converter
    56. Con turret
    57. Wind ×4
    58. Converter
    59. Wind ×2
    60. PawnPawn
    61. Wind
    62. PawnPawn
    63. Wind ×2
    64. PawnPawn
    65. Converter
    66. Wind
    67. PawnPawn ×2
    68. Wind
    69. PawnPawn
    70. Wind ×2
    71. Converter
    72. PawnPawn
    73. Wind
    74. PawnPawn
    75. Wind
    76. PawnPawn
    77. Wind
    78. PawnPawn
    79. Converter
    80. Wind ×2
    81. PawnPawn ×2
    82. Wind ×2
    83. PawnPawn
    84. Wind
    85. Converter
    86. PawnPawn
    87. Advanced Metal ExtractorT2 mex
    88. Wind
    89. PawnPawn

Counts are medians over the build's games: half of them build more, half fewer. The example game is Erilium's (46 OS, 29/09/2026); pick another.

Team trades

IN AT LEAST 30% OF ITS GAMES

You hand over

Nothing regular.

You get

  • Tidal Generator4 Tidal from Pondfirst at 0:10 · in 69% of games
  • Advanced Construction Bot1 T2 con bot from Geo or Techfirst at 7:30 · in 59% of games

How it plays out

Typical game of this build, running totals by minute

Metal produced

010k20k30k
0:005:0010:0015:00

metal

Enemy metal destroyed

05k10k
0:005:0010:0015:00

metal

Own metal lost

05k10k
0:005:0010:0015:00

metal

1529 games.

Show as table
ByMetal produced: This buildEnemy metal destroyed: This buildOwn metal lost: This build
1:0022600
2:0088800
3:002051180106
4:003161658496
5:00424314131026
6:00543322981789
7:00667031752710
8:00792040313619
9:00931747964495
10:001069954265316
11:001226559036054
12:001411365126830
13:001622270137536
14:001810976968373
15:002046683299249
WHAT THE NUMBERS SAY

Standard suicide front play wins slightly more than half its games with fast kills but also fast losses, matching the raw grind of the role.

  • + First kill lands by 2:04 in all games
  • + Metal produced reaches 19882 by 15:00
  • − Own metal lost hits 9208 by 15:00, near metal destroyed of 8172
  • − First unit lost as early as 2:08 in every game
THE EXAMPLE YOU ARE READING

Erilium

46.2 OS · 29/09/2026

Open source match ↗

5 received units · includes a constructor
58 metal received · 12287 energy received

Allied construction assistance is unknown. Timings are observations, not a promise of solo reproducibility.

Typical milestones

Bot Lab0:20Middle 50%: 0:20–0:33 · n=1522
Advanced Metal Extractor9:36Middle 50%: 8:41–10:48 · n=1128

Played most by

_X_253games of this buildPlatinumBlonde181games of this buildXad120games of this buildImmort73games of this buildwatermeloans60games of this build